 Dungeon Crawl Stone Soup version 0.31-a0-542-gdc2a67831c (webtiles) character file.

Game seed: 4452401587546963380

406 spiderkeys the Changeling (level 6, -2/42 HPs)
             Began as an Octopode Shapeshifter on Aug 14, 2023.
             Slain by Eustachio
             ... wielding a +3 vampiric falchion
              (7 damage)
             ... on level 4 of the Dungeon.
             The game lasted 00:03:48 (2426 turns).

spiderkeys the Changeling (Octopode Shapeshifter)   Turns: 2426, Time: 00:03:49

Health: -2/42      AC:  1    Str: 14    XL:     6   Next: 87%
Magic:  6/6        EV: 14    Int: 11    God:
Gold:   251        SH:  0    Dex: 14    Spells: 5/5 levels left

rFire   . .          .
                       - Unarmed
rCold   . . .        (no shield)
rNeg    . . .        (helmet currently unavailable)
rPois   .            (no amulet)
rElec   .            (no ring)
rCorr   .            (no ring)
SInv    .            (no ring)
Will    .....        (no ring)
Stlth   ++           (no ring)
HPRegen 0.27/turn    (no ring)
MPRegen 0.10/turn    (no ring)
                     (no ring)

%: no passive effects
@: mighty, beast-form, attractive, hasted, very quick
A: beast (slay +2), almost no armour, amphibious, 8 rings, camouflage 1,
gelatinous body 1, (nimble swimmer 1), tentacles
a: Begin Untransformation


You were on level 4 of the Dungeon.
You were a hulking beast.
You visited 1 branch of the dungeon, and saw 4 of its levels.

You collected 251 gold pieces.


Innate Abilities, Weirdness & Mutations

You are a hulking beast.
Your limbs bulge with bestial killing power. (Slay +2)
You cannot wear most types of armour.
You are amphibious.
You can wear up to eight rings at the same time.
Your skin changes colour to match your surroundings (Stealth+).
Your rubbery body absorbs attacks. (AC +1, EV +1)
((You are camouflaged when in or above water. (Stealth+)))
You have tentacles for arms and can constrict up to eight enemies at once.


   Skills:
 + Level 3.3 Fighting
 + Level 2.1 Ranged Weapons
 + Level 3.8 Dodging
 - Level 4.0 Unarmed Combat
 + Level 4.1 Shapeshifting


You had 5 spell levels left.
You didn't know any spells.
Your spell library contained the following spells:

 Spells                   Type           Power      Damage    Failure   Level
 Ensorcelled Hibernation  Hex/Ice        0%         N/A       47%         2
 Passwall                 Tmut/Erth      0%         N/A       47%         2
 Swiftness                Air            0%         N/A       71%         3

Inventory:

Hand Weapons
 i - a +4 heavy sling
   (You found it on level 1 of the Dungeon)
 n - a +2 dagger of venom
   (You took it off a kobold on level 2 of the Dungeon)
Missiles
 h - 49 stones
 l - 4 poisoned darts
Talismans
 b - a beast talisman (active)
 c - a flux talisman
Wands
 q - a wand of mindburst (13)
   (You found it on level 2 of the Dungeon)
 u - a wand of light (2)
   (You found it on level 4 of the Dungeon)
Scrolls
 d - a scroll of immolation {!r!r}
 k - 2 scrolls of identify {@r1}
 p - a scroll of teleportation {@r4}
 t - 2 scrolls of amnesia
Potions
 a - a potion of lignification {!q}
 f - 2 potions of heal wounds {unknown}
 j - a potion of invisibility {unknown}
 o - a potion of berserk rage {unknown}
 r - a potion of brilliance {unknown}

Dungeon Overview and Level Annotations

Branches:
Dungeon (4/15) Zot: 21508
 Temple: D:4-7

Altars:
The Shining One

Shops:
D:1 (

Annotations:
D:4 Eustachio

........................
..##.................)..
.....###.###..##........
.##### #.# #..##........
)## #.###..##........
..# #.#....##.#######
.<######.#.##.#.....
#........#.##...#5#
#..#####...####.h.#
#..#######.# ##5@#
#..........# #..#
#.########.#####.##
...####....[.....#
..)........#######
...#######.#
#.########.#
...........#


You could see Eustachio, a white imp (summoned) and an ufetubus (summoned).


Message History

A quokka is nearby!
You shoot a sling bullet. The sling bullet hits the quokka!
You kill the quokka!
A hound comes into view.
A hound is nearby!
You shoot a sling bullet. The sling bullet hits the hound!
You shoot a sling bullet. The sling bullet hits the hound.
You kill the hound!
You see here a quokka corpse.
Key pressed, stopping explore.
A scorpion comes into view.
You shoot a sling bullet. The sling bullet hits the scorpion!
You shoot a sling bullet. The sling bullet hits the scorpion!
You kill the scorpion!
Your Ranged Weapons skill increases to level 2!
You now have 251 gold pieces (gained 12).
Key pressed, stopping explore.
You see here a +0 hand axe.
Key pressed, stopping explore.
You see here a +0 robe.
Eustachio the Magnificent comes into view.
He is wielding a +3 vampiric falchion and wearing a +2 leather armour of cold resistance.
Fire: i) +4 sling (heavy)
Press: ? - help, Q - select action, (/) - cycle Shift-Dir - straight line, f - Eustachio
Aim: Eustachio, wielding a +3 vampiric falchion and wearing a +2 leather armour of cold resistance (asleep, 98% to hit)
You shoot a sling bullet.
The sling bullet hits Eustachio but does no damage.
Unknown command.
Fire: i) +4 sling (heavy)
Press: ? - help, Q - select action, (/) - cycle Shift-Dir - straight line, f/p - Eustachio
Aim: Eustachio, wielding a +3 vampiric falchion and wearing a +2 leather armour of cold resistance (56% to hit)
You shoot a sling bullet.
The sling bullet barely misses Eustachio.
Eustachio closely misses you.
Eustachio hits you with a +3 vampiric falchion. 😕 HP[-6]
You take 6 damage, and now have 36/42 hp.
Unknown command.
Fire: i) +4 sling (heavy)
Press: ? - help, Q - select action, (/) - cycle Shift-Dir - straight line, f/p - Eustachio
Aim: Eustachio, wielding a +3 vampiric falchion and wearing a +2 leather armour of cold resistance (57% to hit)
You shoot a sling bullet.
The sling bullet barely misses Eustachio.
Eustachio completely misses you.
Eustachio hits you with a +3 vampiric falchion! 😮 HP[-8]
You take 8 damage, and now have 28/42 hp.
Unknown command.
Unknown command.
You are now empty-tentacled.
You tentacle-slap Eustachio. You grab Eustachio.
You squeeze Eustachio, but do no damage.
You constrict Eustachio.
Eustachio gestures wildly while chanting.
You tentacle-slap Eustachio.
You constrict Eustachio, but do no damage.
Eustachio hits you with a +3 vampiric falchion!
* * * LOW HITPOINT WARNING * * *
The ufetubus misses you.
The ufetubus barely misses you. 😨 HP[-11]
You take 11 damage, and now have 17/42 hp.
MASSIVE DAMAGE!! (PAUSE)
You tentacle-slap Eustachio. You squeeze Eustachio. You constrict Eustachio.
The crimson imp blinks!
The ufetubus hits you.
* * * LOW HITPOINT WARNING * * *
The ufetubus barely misses you. Eustachio barely misses you. 😨 HP[-3]
You take 3 damage, and now have 14/42 hp.
You tentacle-slap Eustachio but do no damage.
You constrict Eustachio. The ufetubus misses you. The ufetubus hits you.
* * * LOW HITPOINT WARNING * * *
Eustachio mumbles some strange words.
Eustachio blinks free!
The ufetubus barely misses you. The ufetubus hits you.
* * * LOW HITPOINT WARNING * * *
😱 HP[-8]
You take 8 damage, and now have 6/42 hp.
Unknown command.
Okay, then.
It was a potion of cancellation.
You feel magically purged. The ufetubus closely misses you.
The ufetubus hits you.
* * * LOW HITPOINT WARNING * * *
Eustachio barely misses you. 😱 HP[-1]
You take 1 damage, and now have 5/42 hp.
It was a potion of attraction.
You feel attractive to monsters. The ufetubus barely misses you. x2
Eustachio gestures wildly while chanting.
Eustachio blinks!
The ufetubus barely misses you. The ufetubus misses you.
It was a potion of haste.
You feel yourself speed up. The white imp barely misses you.
The ufetubus closely misses you. The ufetubus hits you.
* * * LOW HITPOINT WARNING * * *
😱 HP[-1]
You take 1 damage, and now have 4/42 hp.
It was a potion of might.
You feel very mighty all of a sudden. The ufetubus barely misses you.
The ufetubus misses you. The white imp misses you.
Eustachio hits you with a +3 vampiric falchion!
You die...

Skill      XL: |  1  2  3  4  5  6 |
---------------+-------------------+-----
Fighting       | 2 3 |  3.3
Ranged Weapons | 1 2 |  2.1
Dodging        | 3 |  3.8
Unarmed Combat | 4 |  4.0
Shapeshifting  | 4 |  4.1

Action                     |  1- 3 |  4- 6 || total
---------------------------+-------+-------++-------
  Melee: Unarmed           |     4 |     6 ||    10
         Constrict         |       |     2 ||     2
         Tentacles         |       |     2 ||     2
   Fire: Sling             |    64 |    56 ||   120
    Use: Scroll            |       |     6 ||     6
         Potion            |       |     4 ||     4
   Stab: Sleeping          |     1 |       ||     1
 Armour: Skin              |     2 |     2 ||     4
  Dodge: Dodged            |    19 |    37 ||    56

Levels and vault maps discovered:
D:1:      amcnicky_arrival_wind_blow, layout_basic, serial_shops, shop
D:2:      layout_loops_corners, basic_altar
D:3:      layout_rooms
D:4:      layout_loops_ring, uniq_eustachio, uniq_menkaure

Notes
Turn   | Place    | Note
-------+----------+-------------------------------------------
     0 | D:1      | spiderkeys the Octopode Shapeshifter began the quest for
                  | the Orb.
     0 | D:1      | Reached XP level 1. HP: 13/13 MP: 1/1
     0 | D:1      | magus.rc [v1.11.6]
    94 | D:1      | Reached XP level 2. HP: 18/18 MP: 2/2
   531 | D:1      | Found Sesuz's Antique Weapon Shop.
   598 | D:2      | Found a glowing golden altar of the Shining One.
   754 | D:2      | HP: 4/18 [poisoned by a kobold]
   872 | D:2      | Reached XP level 3. HP: 23/23 MP: 3/3
  1390 | D:2      | Reached skill level 2 in Fighting
  1435 | D:2      | Reached XP level 4. HP: 21/29 MP: 4/4
  1787 | D:3      | You add the spells Passwall, Ensorcelled Hibernation and
                  | Swiftness to your library.
  2009 | D:4      | Noticed Menkaure
  2013 | D:4      | Killed Menkaure
  2014 | D:4      | Reached skill level 1 in Ranged Weapons
  2014 | D:4      | Reached skill level 3 in Dodging
  2014 | D:4      | Reached XP level 5. HP: 30/36 MP: 5/5
  2016 | D:4      | Reached skill level 4 in Unarmed Combat
  2016 | D:4      | Reached XP level 6. HP: 29/41 MP: 6/6
  2106 | D:4      | Reached skill level 3 in Fighting
  2276 | D:4      | Reached skill level 4 in Shapeshifting
  2354 | D:4      | Reached skill level 2 in Ranged Weapons
  2414 | D:4      | Noticed Eustachio
  2422 | D:4      | HP: 10/42 [ufetubus[Eustachio] (5)]
  2425 | D:4      | HP: 4/42 [ufetubus[Eustachio] (1)]
  2426 | D:4      | Slain by Eustachio

Vanquished Creatures
  Menkaure (D:4)
  A scorpion (D:4)
  3 hounds
  A sleepcap (D:4)
  An iguana (D:4)
  3 adders
  2 dart slugs
  2 orcs
  2 ball pythons (D:1)
  7 bats
  7 endoplasms
  9 goblins
  4 hobgoblins
  3 jackals (D:2)
  2 quokkas
  2 frilled lizards (D:3)
  11 kobolds
  2 rats (D:2)
63 creatures vanquished.

Table legend:
 A = Non-vault XP
 B = Vault XP
 C = Vault XP percentage of total XP
 D = Non-vault monster count
 E = Vault monster count
 F = Vault count percentage of total count
                 A         B        C        D         E       F
            +---------+---------+-------+---------+---------+-------
      Total |     416 |     165 |  28.4 |      62 |       1 |   1.6
            +---------+---------+-------+---------+---------+-------
        D:1 |      31 |       0 |   0.0 |      17 |       0 |   0.0
        D:2 |      56 |       0 |   0.0 |      20 |       0 |   0.0
        D:3 |      61 |       0 |   0.0 |      11 |       0 |   0.0
        D:4 |     268 |     165 |  38.1 |      14 |       1 |   6.7
            +---------+---------+-------+---------+---------+-------

Skill      XL: |  1  2  3  4  5  6 |
---------------+-------------------+-----
Fighting       | 2 3 |  3.3
Ranged Weapons | 1 2 |  2.1
Dodging        | 3 |  3.8
Unarmed Combat | 4 |  4.0
Shapeshifting  | 4 |  4.1

Action                     |  1- 3 |  4- 6 || total
---------------------------+-------+-------++-------
  Melee: Unarmed           |     4 |     6 ||    10
         Constrict         |       |     2 ||     2
         Tentacles         |       |     2 ||     2
   Fire: Sling             |    64 |    56 ||   120
    Use: Scroll            |       |     6 ||     6
         Potion            |       |     4 ||     4
   Stab: Sleeping          |     1 |       ||     1
 Armour: Skin              |     2 |     2 ||     4
  Dodge: Dodged            |    19 |    37 ||    56

Illustrated notes

Table legend:
 A = Kills in this place as a percentage of kills in the entire game.
 B = Kills by you in this place as a percentage of kills by you in the entire game.
 C = Kills by friends in this place as a percentage of kills by friends in the entire game.
 D = Other kills in this place as a percentage of other kills in the entire game.
 E = Experience gained in this place as a percentage of experience gained in the entire game.
 F = Experience gained in this place divided by the number of levels of this place that you have seen.
                   A       B       C       D       E      F
               +-------+-------+-------+-------+-------+----------------------
         Total | 100.0 | 100.0 |   N/A |   N/A | 100.0 | 145.2
       Dungeon | 100.0 | 100.0 |   N/A |   N/A | 100.0 | 145.2
               +-------+-------+-------+-------+-------+----------------------

Table legend: (Time is in decaauts)
 A = Elapsed time spent in this place.
 B = Non-inter-level travel time spent in this place.
 C = Inter-level travel time spent in this place.
 D = Time resting spent in this place.
 E = Time spent auto-exploring this place.
 F = Levels seen in this place.
 G = Mean time per level.
                   A        B        C        D        E       F      G
               +--------+--------+--------+--------+--------+-----+--------+
         Total |   2491 |   2441 |     50 |     36 |   2075 |   4 |  622.8 |
       Dungeon |   2491 |   2441 |     50 |     36 |   2075 |   4 |  622.8 |
               +--------+--------+--------+--------+--------+-----+--------+

Top non-repeatable levels by time:
     D:2: 940 daAuts
     D:1: 604 daAuts
     D:4: 495 daAuts
     D:3: 450 daAuts
